 Dungeon Crawl Stone Soup version 0.30.0-29-ga12c61a403 (webtiles) character file.

Game seed: 3255840006488870728

95 seaoflcl the Shield-Bearer (level 4, 0/40 HPs)
             Began as a Minotaur Fighter on June 11, 2023.
             Slain by Natasha (2 damage)
             ... on level 2 of the Dungeon.
             The game lasted 00:01:19 (1656 turns).

seaoflcl the Shield-Bearer (Minotaur Fighter)       Turns: 1656, Time: 00:01:20

Health: 0/40       AC:  7    Str: 23    XL:     4   Next: 39%
Magic:  3/3        EV: 11    Int:  5    God:
Gold:   68         SH:  4    Dex:  9    Spells: 3/3 levels left

rFire   . . .        a - +0 war axe
rCold   . . .        c - +0 buckler
rNeg    . . .        b - +0 scale mail
rPois   .            (helmet restricted)
rElec   .            (no cloak)
rCorr   .            (no gloves)
SInv    .            (no boots)
Will    .....        (no amulet) Stlth
                     m - +5 ring of evasion
HPRegen 0.26/turn    (no ring)
MPRegen 0.08/turn

%: no passive effects
@: grasped by roots, constricted
A: horns 2, retaliatory headbutt
a: no special abilities


You were on level 2 of the Dungeon.
You visited 1 branch of the dungeon, and saw 2 of its levels.

You collected 68 gold pieces.

Inventory:

Hand Weapons
 a - a +0 war axe (weapon)
Armour
 b - a +0 scale mail (worn)
 c - a +0 buckler (worn)
Jewellery
 m - a +5 ring of evasion (left hand)
Scrolls
 e - a scroll of acquirement {unknown}
 g - a scroll of enchant weapon {unknown}
 h - 2 scrolls of identify {unknown}
 i - a scroll of noise {unknown}
 j - a scroll of fog {unknown}
 k - a scroll of magic mapping {unknown}
 l - a scroll of enchant armour {unknown}
 n - a scroll of brand weapon {unknown}
 o - a scroll of teleportation {unknown}
 p - a scroll of fear {unknown}
Potions
 d - a potion of might
 f - 2 potions of flight {unknown}


   Skills:
 + Level 4.2 Fighting
 * Level 4.0 Axes
 + Level 4.3 Armour
 + Level 4.3 Shields


You had 3 spell levels left.
You didn't know any spells.
Your spell library contained the following spells:

 Spells                   Type           Power      Damage    Failure   Level
 Freeze                   Ice            0%         1d3       85%         1
 Slow                     Hex            0%         N/A       85%         1
 Poisonous Vapours        Pois/Air       0%         N/A       94%         2
 Frozen Ramparts          Ice            0%         1d1       99%         3
 Hailstorm                Conj/Ice       0%         3d3       99%         3
 Fulminant Prism          Conj/Hex       0%         3d5       100%        4
 Yara's Violent Unravell  Hex/Tmut       0%         3d3       100%        5
 Discord                  Hex            0%         N/A       100%        8


Dungeon Overview and Level Annotations

Branches:
Dungeon (2/15)

Altars:

Annotations:
D:2 Natasha


Innate Abilities, Weirdness & Mutations

You have a pair of horns on your head.
You reflexively headbutt those who attack you in melee.


Message History

The cerulean imp hits you with a +1 spear.
The cerulean imp hits you from afar with a +1 spear.
Natasha claws you.
The cerulean imp hits you but does no damage.
You miss Natasha.
Natasha is lightly wounded.
You hit the cerulean imp. Natasha claws you!
The cerulean imp hits you with a +1 spear.
The cerulean imp closely misses you.
You slash Natasha! You headbutt Natasha.
Natasha is almost dead.
You slash the cerulean imp!
Natasha howls an incantation.
You feel disoriented. Natasha claws you.
* * * LOW HITPOINT WARNING * * *
The cerulean imp barely misses you. x2
Natasha mumbles some strange words.
You closely miss Natasha. Your headbutt misses Natasha.
Natasha is almost dead.
You slash the cerulean imp!
You kill the cerulean imp!
The cerulean imp disappears in a puff of smoke!
You miss the cerulean imp.
The cerulean imp hits you from afar with a +1 spear.
* * * LOW HITPOINT WARNING * * *
Natasha zaps a wand.
The roots erupt in riotous growth!
The grasping roots grab you!
The cerulean imp is unaffected.
Natasha is unaffected.
The grasping roots constrict you.
* * * LOW HITPOINT WARNING * * *
The cerulean imp hits you with a +1 spear.
* * * LOW HITPOINT WARNING * * *
You closely miss Natasha.
Natasha is almost dead.
You closely miss the cerulean imp.
The cerulean imp hits you from afar with a +1 spear.
* * * LOW HITPOINT WARNING * * *
Natasha claws you.
You die...

###.......# ....#
.##..)....######....#
...............>....#
.##.......##.#......#
....................#
.###########........#
.### #..[.....# ...#
##....h..# ...#
####.5@.5.#
#..########...)รทยง##.#
#................# #
..#..............##.#
####................# #
#.......####.#####
######.##### #.#
....##..# #.# .#.####.#
#.#


You could see Natasha and 2 cerulean imps.

Vanquished Creatures
  Natasha (twice) (D:2)
  A worm (D:2)
  3 dart slugs
  5 endoplasms
  A giant cockroach (D:1)
  2 goblins (D:2)
  3 hobgoblins
  4 quokkas (D:1)
  3 ball pythons (D:1)
  5 bats
  3 frilled lizards
  2 kobolds (D:1)
  6 rats
40 creatures vanquished.

Notes
Turn   | Place    | Note
-------+----------+-------------------------------------------
     0 | D:1      | seaoflcl the Minotaur Fighter began the quest for the Orb.
     0 | D:1      | Reached XP level 1. HP: 19/19 MP: 0/0
   136 | D:1      | Reached XP level 2. HP: 25/27 MP: 1/1
   748 | D:1      | Reached XP level 3. HP: 29/33 MP: 2/2
  1225 | D:2      | Noticed Natasha
  1231 | D:2      | Killed Natasha
  1514 | D:2      | Reached XP level 4. HP: 40/40 MP: 3/3
  1516 | D:2      | Got the Thoughts on the Nasty Oath
  1546 | D:2      | Noticed Natasha
  1551 | D:2      | Killed Natasha
  1647 | D:2      | Noticed Natasha
  1656 | D:2      | HP: 2/40 [cerulean imp/+1 spear[Natasha] (2)]
  1656 | D:2      | Slain by Natasha

Illustrated notes

Levels and vault maps discovered:
D:1:      lightli_arrival_lavapool, layout_basic
D:2:      layout_basic, uniq_natasha

Skill      XL: |  1  2  3  4 |
---------------+-------------+-----
Axes           | 3 4 |  4.0
Armour         | 4 |  4.3
Shields        | 4 |  4.3
Fighting       | 4 |  4.2

Action                     |  1- 3 |  4- 6 || total
---------------------------+-------+-------++-------
  Melee: War axe           |    87 |     6 ||    93
         Headbutt          |     9 |     1 ||    10
 Armour: Scale mail        |    44 |     2 ||    46
  Dodge: Dodged            |    48 |     4 ||    52
  Block: Buckler           |    12 |       ||    12
